 Dungeon Crawl Stone Soup version 0.30.0-5-g1a98f26d00 (webtiles) character file.

Game seed: 12919376733721904620

4337 Irreverend the Thaumaturge (level 10, -10/50 HPs)
             Began as a Deep Elf Conjurer on May 8, 2023.
             Was a Follower of Vehumet.
             Killed from afar by a steam dragon (14 damage)
             ... with a ball of steam
             ... on level 8 of the Dungeon.
             The game lasted 00:31:08 (9825 turns).

Irreverend the Thaumaturge (Deep Elf Conjurer)      Turns: 9825, Time: 00:31:09

Health: -10/50     AC:  2    Str:  4    XL:     10   Next: 12%
Magic:  19/28      EV: 12    Int: 28    God:    Vehumet [*.....]
Gold:   389        SH:  5    Dex: 13    Spells: 19/33 levels left

rFire   . . .        (no weapon)
rCold   . . .        (no shield)
rNeg    + . .        a - +0 robe
rPois   .            (no helmet)
rElec   .            (no cloak)
rCorr   .            (no gloves)
SInv    .            (no boots)
Will    +....        A - amulet of reflection
Stlth   ++           K - ring of positive energy
HPRegen 0.28/turn    (no ring)
MPRegen 0.21/turn

%: reflection
@: no status effects
A: no striking features
a: Renounce Religion


You were on level 8 of the Dungeon.
You worshipped Vehumet.
Vehumet was aware of your devotion.
You visited 2 branches of the dungeon, and saw 9 of its levels.

You collected 389 gold pieces.

Inventory:

Armour
 a - a +0 robe (worn)
Jewellery
 c - a ring of ice
 A - an amulet of reflection (around neck)
 K - a ring of positive energy (left hand)
Wands
 q - a wand of roots (5)
 x - a wand of charming (7)
 F - a wand of quicksilver (11)
Scrolls
 g - 2 scrolls of vulnerability {unknown}
 h - 4 scrolls of enchant weapon {unknown}
 i - 4 scrolls of blinking {unknown}
 j - a scroll of silence {unknown}
 l - 2 scrolls of teleportation {unknown}
 n - 3 scrolls of identify {unknown}
 s - a scroll of magic mapping {unknown}
 t - a scroll of fog {unknown}
 y - a scroll of noise {unknown}
 B - a scroll of immolation {unknown}
 D - a scroll of enchant armour {unknown}
 G - a scroll of fear {unknown}
 H - 2 scrolls of acquirement {unknown}
 I - a scroll of torment {unknown}
Potions
 d - a potion of degeneration {unknown}
 e - a potion of lignification {unknown}
 f - 2 potions of cancellation {unknown}
 k - a potion of mutation {unknown}
 m - 4 potions of heal wounds {unknown}
 o - a potion of haste {unknown}
 p - a potion of flight {unknown}
 r - a potion of attraction {unknown}
 u - 2 potions of might
 v - a potion of brilliance {unknown}
 w - 4 potions of curing {unknown}
 z - a potion of invisibility {unknown}
 C - a potion of resistance {unknown}
 E - a potion of ambrosia {unknown}
 J - a potion of berserk rage {unknown}


   Skills:
 - Level 2.6 Dodging
 - Level 2.6 Stealth
 + Level 12.1 Spellcasting
 + Level 11.5 Conjurations
 - Level 5.0 Hexes
 - Level 5.0 Translocations


You had 19 spell levels left.
You knew the following spells:

 Your Spells              Type           Power      Damage    Failure   Level
a - Magic Dart            Conj           100%       1d8       1%          1
b - Searing Ray           Conj           100%       2d8       1%          2
c - Fulminant Prism       Conj/Hex       29%        3d14      1%          4
d - Iskenderun's Mystic   Conj/Tloc      59%        2d12      1%          4
e - Summon Guardian Gole  Hex/Summ       31%        N/A       3%          3

Your spell library contained the following spells:

 Spells                   Type           Power      Damage    Failure   Level
 Foxfire                  Conj/Fire      100%       2x1d9     1%          1
 Dazzling Flash           Conj/Hex       100%       N/A       1%          3
 Mephitic Cloud           Conj/Pois/Air  38%        N/A       1%          3
 Portal Projectile        Hex/Tloc       90%        N/A       1%          3
 Call Imp                 Summ           32%        N/A       4%          2
 Call Canine Familiar     Summ           16%        N/A       10%         3
 Leda's Liquefaction      Hex/Erth       15%        N/A       12%         4
 Orb of Destruction       Conj           34%        9d10      24%         7
 Silence                  Hex/Air        15%        N/A       32%         5
 Agony                    Necr           16%        N/A       65%         5
 Spellforged Servitor     Conj/Summ      24%        N/A       95%         7


Dungeon Overview and Level Annotations

Branches:
Dungeon (8/15)             Temple (1/1) D:6
   Lair: D:8-11

Altars:
Ashenzari
Cheibriados
Dithmenos
Elyvilon
Fedhas
Hepliaklqana
Kikubaaqudgha
Makhleb
Okawaru
Qazlal
Ru
Trog
Uskayaw
Vehumet
Wu Jian
Xom
Yredelemnul
Zin
The Shining One


Message History

Casting: Iskenderun's Mystic Blast (dangerous; 1% risk of failure)
Confirm with . or Enter, or press ? or * to list all spells.
A guardian golem appears, shielding your allies.
The wight hits your guardian golem with a +0 great sword!
The wight hits your guardian golem with a +0 great sword.
A hornet comes into view.
The wight hits your guardian golem with a +0 great sword!
The wight hits your guardian golem with a +0 great sword!!
Your guardian golem overheats!
Casting: Summon Guardian Golem (dangerous; 3% risk of failure)
Confirm with . or Enter, or press ? or * to list all spells.
Aiming: Fulminant Prism (dangerous; 1% risk of failure)
Press: ? - help, Dir - move target You conjure a prism of explosive energy!
A fulminant prism comes into view.
The wight hits your guardian golem with a +0 great sword!
Your guardian golem disappears in a puff of smoke!
Your guardian golem explodes!
The fiery explosion engulfs the wight!!
The wight is destroyed!
Vehumet accepts your kill.
Your fulminant prism crackles loudly.
Your fulminant prism explodes!
The blast of energy engulfs the hornet!!
The hornet is severely wounded.
You hear an angry buzzing noise.
Casting: Fulminant Prism (dangerous; 1% risk of failure)
Confirm with . or Enter, or press ? or * to list all spells.
Aiming: Magic Dart (safe; 1% risk of failure)
Press: ? - help, Shift-Dir - straight line The magic dart hits the hornet but does no damage.
The hornet is severely wounded.
The hornet stings you!
* * * LOW HITPOINT WARNING * * *
You feel yourself slow down. The hornet barely misses you.
The hornet attacks as you move away! The hornet barely misses you.
You feel yourself speed up. The steam dragon breathes steam at you.
The ball of steam hits you!
You die...

........###.§##.##
!..###.###.§.....# #..#
#..###....###
≈#...##...##.#z...#.
~≈≈~~~.....#§.......
≈..~≈≈~....☼##....# .
.#..~≈~....# #.### ...
##..~.....# ..#
../..#@.§§§...# ...#
.....$.y§§.§?..# ##..#
.........§.....# #....#
..........§.....##.....#
...........D....###.....
................##......
.............##.#....c..
.............# ......D§§
............# ####....


You could see a hornet.

Vanquished Creatures
  Sigmund (D:3)
  Edmund (D:5)
  An orc warrior (D:7)
  A sky beast (D:7)
  An ice beast (D:6)
  2 black bears (D:6)
  2 ogres (D:6)
  3 phantoms
  3 kobold brigands
  2 bullfrogs
  2 scorpions
  6 wights
  Crazy Yiuf (D:3)
  A hound (D:6)
  2 jellies (D:6)
  7 orc priests
  4 iguanas
  2 sleepcaps
  Natasha (thrice) (D:2)
  Ijyb (D:3)
  Terence (D:3)
  7 orc wizards
  3 gnolls (D:3)
  7 adders
  A shadow imp (D:7)
  A white imp (D:7)
  2 ufetubi
  3 dart slugs
  23 orcs
  5 endoplasms
  5 giant cockroaches
  3 hobgoblins
  2 jackals (D:2)
  4 quokkas
  12 ball pythons
  7 bats
  A frilled lizard (D:1)
  3 goblins
  9 kobolds
  3 rats
148 creatures vanquished.

Vanquished Creatures (others)
  Joseph (D:7)
  A wyvern (D:7)
  2 sky beasts (D:7)
  2 black bears
  2 ogres (D:7)
  2 centaurs
  A bullfrog (D:8)
  2 scorpions
  2 wights (D:8)
  A hound (D:7)
  An orc wizard (D:8)
  91 fulminant prisms
108 creatures vanquished.

Grand Total: 256 creatures vanquished

Notes
Turn   | Place    | Note
-------+----------+-------------------------------------------
     0 | D:1      | Irreverend the Deep Elf Conjurer began the quest for the
                  | Orb.
     0 | D:1      | Reached XP level 1. HP: 10/10 MP: 6/6
   279 | D:1      | Reached XP level 2. HP: 15/15 MP: 5/8
   326 | D:1      | Learned a level 2 spell: Searing Ray
   703 | D:1      | Found a faded altar of an unknown god.
  1248 | D:2      | Reached XP level 3. HP: 19/19 MP: 7/10
  1443 | D:2      | Reached skill level 4 in Spellcasting
  1465 | D:2      | Reached skill level 5 in Conjurations
  1595 | D:2      | Noticed Natasha
  1599 | D:2      | Killed Natasha
  1600 | D:2      | Reached XP level 4. HP: 24/24 MP: 5/12
  1699 | D:2      | Learned a level 4 spell: Fulminant Prism
  1780 | D:2      | Noticed Natasha
  1871 | D:2      | Killed Natasha
  1872 | D:2      | Reached skill level 1 in Hexes
  2026 | D:2      | Noticed Natasha
  2032 | D:2      | HP: 1/24 [constriction (6)]
  2034 | D:2      | Killed Natasha
  2035 | D:2      | Reached skill level 5 in Spellcasting
  2442 | D:3      | Reached XP level 5. HP: 28/28 MP: 11/14
  2490 | D:3      | Found a snail-covered altar of Cheibriados.
  2491 | D:3      | Found a basalt altar of Yredelemnul.
  2548 | D:3      | Found a runed translucent door.
  2549 | D:3      | Noticed Crazy Yiuf
  2654 | D:3      | Noticed Sigmund
  2659 | D:3      | Killed Sigmund
  2660 | D:3      | Reached XP level 6. HP: 30/32 MP: 6/15
  2864 | D:3      | Found a white marble altar of Elyvilon.
  2864 | D:3      | Found a hazy altar of Hepliaklqana.
  2870 | D:3      | Noticed Terence
  2873 | D:3      | Killed Terence
  3250 | D:3      | Noticed Ijyb
  3258 | D:3      | Killed Ijyb
  3779 | D:3      | Killed Crazy Yiuf
  3780 | D:3      | Reached skill level 5 in Hexes
  3811 | D:3      | Learned a level 4 spell: Iskenderun's Mystic Blast
  3986 | D:4      | Identified the +2 ring mail of Biuc {rElec rC- rN++ Int+2}
  4088 | D:4      | Reached skill level 1 in Translocations
  4088 | D:4      | Reached XP level 7. HP: 36/36 MP: 11/16
  5120 | D:5      | Entered Level 5 of the Dungeon
  5181 | D:5      | Reached skill level 6 in Spellcasting
  5374 | D:5      | Noticed Edmund
  5422 | D:5      | Killed Edmund
  5588 | D:5      | Found a blossoming altar of Fedhas.
  5595 | D:5      | Reached XP level 8. HP: 41/41 MP: 11/20
  5607 | D:5      | Reached skill level 7 in Spellcasting
  5611 | D:5      | Learned a level 3 spell: Summon Guardian Golem
  6534 | D:6      | Reached skill level 8 in Spellcasting
  6534 | D:6      | Reached skill level 5 in Translocations
  6693 | D:6      | Found a bloodstained altar of Trog.
  7006 | D:6      | Reached skill level 9 in Spellcasting
  7006 | D:6      | Reached XP level 9. HP: 45/45 MP: 18/24
  7069 | D:6      | Found a staircase to the Ecumenical Temple.
  7075 | Temple   | Entered the Ecumenical Temple
  7096 | Temple   | Became a worshipper of Vehumet
  8205 | D:7      | Noticed Joseph
  8225 | D:7      | Killed Joseph
  8226 | D:7      | Reached skill level 10 in Spellcasting
  8226 | D:7      | Reached skill level 10 in Conjurations
  8559 | D:7      | Reached skill level 11 in Spellcasting
  8571 | D:7      | Reached * piety under Vehumet
  8571 | D:7      | Offered knowledge of Foxfire by Vehumet.
  9318 | D:7      | Reached XP level 10. HP: 50/50 MP: 23/27
  9797 | D:8      | Reached skill level 12 in Spellcasting
  9825 | D:8      | Killed from afar by a steam dragon

Illustrated notes

Levels and vault maps discovered:
D:1:      onia_arrival_mini_spirals, layout_loops_ring,
          dreamdust_ecumenical_altar_angels_and_demons
D:2:      layout_rooms, serial_co_window_serial, co_window_cross_1,
          co_window_cross_1, co_window_paths_b, co_window_corner_a,
          co_window_corner_a, co_window_corner_cb, co_window_2corner,
          co_window_broadway_a, co_window_4corner_a, co_window_paths_d,
          minmay_worlds_worst_comb, uniq_natasha
D:3:      layout_loops_ring, gammafunk_temple_overflow_pools,
          nicolae_overflow_two_pavilions, kennysheep_generic_room_2,
          uniq_sigmund, uniq_terence, uniq_ijyb, uniq_crazy_yiuf_cottage
D:4:      layout_loops_ring, kennysheep_doodads, chequers_big_river
D:5:      layout_basic, mainiacjoe_overflow_six_doors_small, uniq_edmund
D:6:      layout_cave_pods, trog_ov_bears_minmay, minmay_temple_entry_wispy,
          minivault_25
D:7:      minmay_octagon_keep, layout_loops_ring, kennysheep_small_square,
          uniq_joseph
D:8:      layout_cave_pools, grunt_temple_overflow_opulence,
          kennysheep_mini_moat, chequers_serial_rivers_small_a
Temple:   nicolae_temple_god_jail

Skill      XL: |  1  2  3  4  5  6  7  8  9 10 |
---------------+-------------------------------+-----
Spellcasting   | 4 5 6 9 11 12 | 12.1
Conjurations   | 5 6 7 9 11 | 11.5
Hexes          | 1 3 5 |  5.0
Translocations | 1 3 5 |  5.0
Dodging        | |  2.6
Stealth        | |  2.6

Action                     |  1- 3 |  4- 6 |  7- 9 | 10-12 || total
---------------------------+-------+-------+-------+-------++-------
   Cast: Magic Dart        |    36 |    39 |    15 |     1 ||    91
         Searing Ray       |    14 |     8 |     8 |       ||    30
         Fulminant Prism   |       |    15 |    65 |    11 ||    91
         Iskenderun's Myst |       |       |     3 |     1 ||     4
         Summon Guardian G |       |       |    29 |     5 ||    34
    Use: Potion            |       |       |       |     1 ||     1
 Armour: Robe              |     2 |     3 |     3 |       ||     8
  Dodge: Dodged            |     2 |     5 |    29 |     5 ||    41
  Block: Other             |       |       |     7 |     4 ||    11
         Reflection        |       |       |     3 |     4 ||     7
